 Dungeon Crawl Stone Soup version 0.27-a0-1202-ge72e49191c (webtiles) character file.

Game seed: 16014609920286958473

9 openice22 the Conjurer (level 2, 0/20 HPs)
             Began as a Draconian Conjurer on June 3, 2021.
             Slain by a jackal (2 damage)
             ... on level 1 of the Dungeon.
             The game lasted 00:01:54 (302 turns).

openice22 the Conjurer (Draconian Conjurer)          Turns: 302, Time: 00:01:54

Health: 0/20       AC:  4    Str:  9    XL:     2   Next: 3%
Magic:  1/5        EV: 12    Int: 18    God:
Gold:   16         SH:  0    Dex:  9    Spells: 4/5 levels left

rFire    . . .     SeeInvis .   d - +0 dagger
rCold    . . .     Faith    .   (no shield)
rNeg     . . .     Spirit   .   (armour unavailable)
rPois    .         Reflect  .   (helmet restricted)
rElec    .         Harm     .   (no cloak)
rCorr    .         Rampage  .   (no gloves)
Will     .....                  (no boots)
Stlth    ++........             (no amulet)
HPRegen  0.06/turn              (no ring)
MPRegen  0.09/turn              (no ring)

@: no status effects
A: AC +4, unfitting armour, cold-blooded
a: no special abilities


You were on level 1 of the Dungeon.
You visited 1 branch of the dungeon, and saw 1 of its levels.

You collected 16 gold pieces.

Inventory:

Hand Weapons
 d - a +0 dagger (weapon)
Missiles
 c - 17 stones
Scrolls
 a - a scroll of immolation {unknown}
Potions
 b - a potion of invisibility {unknown}


   Skills:
 + Level 1.9 Dodging
 + Level 1.9 Stealth
 + Level 2.0 Spellcasting
 + Level 4.3 Conjurations


You had 4 spell levels left.
You knew the following spells:

 Your Spells              Type           Power      Damage    Failure   Level
a - Magic Dart            Conj           68%        1d6       3%          1

Your spell library contained the following spells:

 Spells                   Type           Power      Damage    Failure   Level
 Searing Ray              Conj           34%        3d4       4%          2
 Dazzling Flash           Conj/Hex       18%        N/A       22%         3
 Fulminant Prism          Conj/Hex       4%         3d6       58%         4
 Iskenderun's Mystic Bla  Conj/Tloc      9%         2d4       58%         4


Dungeon Overview and Level Annotations

Branches:
Dungeon (1/15)

Altars:


Innate Abilities, Weirdness & Mutations

Your plain brown scales are hard. (AC +4)
You cannot fit into any form of body armour.
You are cold-blooded and may be slowed by cold attacks.


Message History

The jackal bites you but does no damage.
The hobgoblin hits you but does no damage.
The kobold closely misses you. The jackal barely misses you.
You barely miss the hobgoblin. You tail-slap the hobgoblin.
The hobgoblin is almost dead.
The hobgoblin closely misses you. The jackal closely misses you.
The kobold completely misses you.
You closely miss the hobgoblin.
The hobgoblin is almost dead.
The jackal bites you but does no damage.
The hobgoblin closely misses you. The kobold barely misses you.
You barely miss the hobgoblin.
The hobgoblin is almost dead.
The jackal barely misses you. The hobgoblin misses you. The jackal bites you.
* * * LOW HITPOINT WARNING * * *
The kobold hits you with a +0 whip.
* * * LOW HITPOINT WARNING * * *
You hit the hobgoblin but do no damage.
Your tail-slap misses the hobgoblin.
The hobgoblin is almost dead.
The hobgoblin closely misses you. The jackal closely misses you.
The kobold closely misses you.
You barely miss the hobgoblin.
The hobgoblin is almost dead.
The jackal barely misses you.
The hobgoblin hits you but does no damage.
The jackal closely misses you. The kobold closely misses you.
You barely miss the hobgoblin.
The hobgoblin is almost dead.
The hobgoblin hits you but does no damage.
The jackal bites you.
* * * LOW HITPOINT WARNING * * *
The kobold completely misses you.
You closely miss the hobgoblin.
The hobgoblin is almost dead.
The jackal bites you but does no damage.
The hobgoblin closely misses you. The kobold completely misses you.
You hit the hobgoblin.
You kill the hobgoblin!
The jackal bites you.
You die...

#'#.....♣♣###........#...#..
#.#♣♣†.♣♣ ##.........##.## #
#.###..####....#..........
#..........................
##########..............##.
#................#
#........>..######
#...........# #...@.......#
#..K†h......# #.?.....>...#
#...........# #$........###
#........## #........#
##########


You could see a jackal and a kobold.

Vanquished Creatures
  3 endoplasms (D:1)
  A goblin (D:1)
  2 hobgoblins (D:1)
  A jackal (D:1)
  A ball python (D:1)
8 creatures vanquished.

Notes
Turn   | Place    | Note
-------+----------+-------------------------------------------
     0 | D:1      | openice22 the Draconian Conjurer began the quest for the
                  | Orb.
     0 | D:1      | Reached XP level 1. HP: 14/14 MP: 3/3
   290 | D:1      | Reached XP level 2. HP: 18/20 MP: 0/5
   302 | D:1      | Slain by a jackal

Illustrated notes

Levels and vault maps discovered:
D:1:      sevenhm_arrival_forest_fort_small_5, layout_rooms,
          hellmonk_ecumenical_altar_blasted, hangedman_decor_clover_reticule

Action                   || total
-------------------------++-------
Melee: Dagger            ||    23
       Unarmed           ||     2
       Tailslap          ||     1
 Cast: Magic Dart        ||     8
Armor: Skin              ||    18
Dodge: Dodged            ||    32

Table legend: (Time is in decaauts)
 A = Elapsed time spent in this place.
 B = Non-inter-level travel time spent in this place.
 C = Inter-level travel time spent in this place.
 D = Time resting spent in this place.
 E = Time spent auto-exploring this place.
 F = Levels seen in this place.
 G = Mean time per level.
                   A        B        C        D        E       F      G
               +--------+--------+--------+--------+--------+-----+--------+
         Total |    310 |    310 |      0 |      0 |    222 |   1 |  310.0 |
       Dungeon |    310 |    310 |      0 |      0 |    222 |   1 |  310.0 |
               +--------+--------+--------+--------+--------+-----+--------+

Top non-repeatable levels by time:
     D:1: 310 daAuts
